TKirby, chaotic male elven Ranger ---------- |........| |.........# ------------- |.<......|# |`.........`. |........|# |.....`.....| ----------# |...-- --...) # |...| |...| # |..`| |`..| # |...| |.%.| # |...-----...+ `## ----- |.......&...| # |(+..%)####(......@d..*-###########` #[....| ------------- |...| ----- TKirby the Trailblazer Experience level: 8 Strength: 6 Dexterity: 11 Constitution: 14 Intelligence: 13 Wisdom: 13 Charisma: 10 Health: 0(51) Energy: 36(36) Def: 10 Gold: 696 Moves: 3695 Dungeon seed: 6uaepNaVT_u5ppMJ Game ID: TKirby_1507568597 Your Inventory: Coins $ - 696 gold pieces Weapons a - the +1 Sting (alternate weapon; not wielded) b - a +1 elven bow (weapon in hand) c - 36 blessed +2 elven arrows (in quiver) d - 33 +0 elven arrows Armor y - an uncursed +6 studded leather armor (being worn) S - a cursed +0 dwarvish iron helm T - a cursed +0 pair of iron shoes Y - an uncursed +0 pair of water walking boots (being worn) Comestibles f - 3 uncursed lembas wafers g - an uncursed clove of garlic U - 2 uncursed tripe rations Scrolls l - an uncursed scroll of confuse monster w - an uncursed scroll of earth z - an uncursed scroll of destroy armor F - a cursed scroll of teleportation J - a cursed scroll of magic mapping K - a cursed scroll of remove curse P - a cursed scroll of enchant armor Spellbooks u - an uncursed spellbook of invisibility A - an uncursed spellbook of blank paper E - a blessed spellbook of force bolt Potions p - a cursed potion of monster detection v - an uncursed potion of water x - an uncursed potion of water D - an uncursed potion of confusion Rings G - an uncursed ring of levitation Wands e - a cursed wand of striking (0:2) h - a wand of striking (0:6) i - a wand of create monster (0:12) m - a wand of polymorph (0:5) L - a cursed wand of lightning (0:5) O - a cursed wand of light (0:13) Q - a cursed wand of secret door detection (0:15) R - a cursed wand of polymorph (0:5) Tools j - an uncursed oil lamp (0:1101) k - a cursed skeleton key s - a cursed magic marker (0:68) t - an uncursed magic whistle B - an uncursed oil lamp (0:1130) C - an uncursed blindfold W - 6 uncursed tallow candles (0:200) X - an uncursed wax candle (0:400) Z - 2 cursed tallow candles (0:200) Gems n - 2 uncursed worthless pieces of blue glass q - an uncursed worthless piece of violet glass r - an uncursed opal H - 2 uncursed worthless pieces of orange glass I - an uncursed worthless piece of yellowish brown glass N - 2 uncursed worthless pieces of black glass Spells and supernatural/magical abilities: Name Level Category Fail Memory a - force bolt 1 attack 43% 100% i - invisibility 4 escape 100% 100% W - pray for help -- divine ? -- Your skills at the end: Fighting Skills Weapon Skills dagger [Basic] bow [Skilled] Spellcasting Skills Final Attributes: You were piously aligned. You were sleep resistant. You had automatic searching. You had infravision. You were stealthy. You could walk on water. You are dead. Vanquished creatures: 4 liches 2 ghosts a large mimic an elf mummy a leprechaun a giant spider 2 lizards a jaguar a raven a rock mole a pony a fog cloud a gnome lord a ghoul a floating eye a kitten 2 kobold lords 2 hill orcs 5 rothes a giant bat a wererat a werejackal an iguana an acid blob 3 hobbits a large kobold 3 giant rats 2 yellow molds 2 gnomes 2 geckos 4 jackals 2 foxes 4 goblins 6 grid bugs 3 lichens a kobold zombie 4 newts 72 creatures vanquished. Voluntary challenges: You followed a strict vegan diet. You used a wielded weapon 79 times, starting on turn 42. You read items or engraved 21 times, starting on turn 881. You never genocided any monsters. You never polymorphed an object. You never changed form. You used no wishes. You never split a pudding. You never wrote Elbereth's name. You never violated your personal moral code. Dungeon overview: The Dungeons of Doom: levels 1 to 9 Level 1 a fountain a long staircase Level 2 Level 3 a general store Level 4 a potion shop a long staircase Level 5 Level 6 some fountains, a sink Level 7 Level 8 Level 9 <- You were here History has recorded: On T:1 you entered the Dungeons of Doom to retrieve the Amulet of Yendor! On T:341 you reached level 2 of The Dungeons of Doom. On T:454 you advanced to experience level 2. On T:512 you reached level 3 of The Dungeons of Doom. On T:853 you advanced to experience level 3. On T:922 you advanced to experience level 4. On T:1079 you reached level 4 of The Dungeons of Doom. On T:1498 you reached level 5 of The Dungeons of Doom. On T:1503 you advanced to experience level 5. On T:1953 you reached level 6 of The Dungeons of Doom. On T:2360 you reached level 7 of The Dungeons of Doom. On T:2591 you advanced to experience level 6. On T:2934 you reached level 8 of The Dungeons of Doom. On T:3451 you reached level 9 of The Dungeons of Doom. On T:3480 you advanced to experience level 7. On T:3536 you advanced to experience level 8. Score breakdown: Gold: 696 ( 9671 points) Experience: 8 levels (14739 points) Exploration: 9 levels ( 19.57%) (12649 points) Discoveries: 9 items ( 3.10%) ( 5284 points) Valuables value: (no points given unless you survive) Artifact value: 800 ( 9877 points) Variety of kills: 37 monsters ( 9.71%) ( 9348 points) Turncount: 3695 turns ( -907 points) Survival: died (score multiplied by 80%) Total score: 48528 Latest messages: You begin to memorize the runes. You add the "invisibility" spell to your repertoire. This spellbook is all blank. You begin to memorize the runes. You add the "force bolt" spell to your repertoire. Never mind. You see here 2 tins. The water demon wields a curved sword! The water demon swings his curved sword. The water demon hits! (2x) The water demon bites! The water demon swings his curved sword. The water demon just misses! The water demon misses. The water demon bites! The water demon swings his curved sword. The water demon hits! (2x) The water demon bites! The water demon swings his curved sword. The water demon hits! (2x) The water demon bites! You die... Final status: Goodbye TKirby the Ranger, killed by a water demon... You died in The Dungeons of Doom on dungeon level 9 with 48528 points, and 696 pieces of gold, after 3695 moves. You were level 8 with a maximum of 51 hit points when you died.